 Dungeon Crawl Stone Soup version 0.20.1-1-g8b1a95d (webtiles) character file.

14 Lanoc the Skirmisher (level 2, 0/24 HPs)
             Began as a Formicid Abyssal Knight on Dec 9, 2017.
             Was a Follower of Lugonu.
             Slain by a leopard gecko (2 damage)
             ... on level 1 of the Dungeon.
             The game lasted 00:04:22 (731 turns).

Lanoc the Skirmisher (Formicid Abyssal Knight)       Turns: 731, Time: 00:04:22

Health: 0/24       AC:  3    Str: 15 (16) XL:     2   Next: 60%
Magic:  3/3        EV: 11    Int:  8 (11) God:    Lugonu [*.....]
Gold:   31         SH:  0    Dex:  8 (10) Spells: 1/1 levels left

rFire    . . .     SeeInvis +   a - +1 falchion
rCold    . . .     Gourm    .   (no shield)
rNeg     . . .     Faith    .   b - +0 leather armour
rPois    .         Spirit   .   (helmet unavailable)
rElec    .         Reflect  .   (no cloak)
rCorr    .         Harm     .   (no gloves)
MR       .....                  (no boots)
Stlth    +.........             (no amulet)
Regen    0.1/turn               (no ring)
MPRegen  0.1/turn               (no ring)

@: no status effects
A: permanent stasis, dig shafts and tunnels, four strong arms, antennae 3
a: Dig, Shaft Self, Depart the Abyss, Renounce Religion


You were on level 1 of the Dungeon.
You worshipped Lugonu.
Lugonu was aware of your devotion.
You were not hungry.

You visited 1 branch of the dungeon, and saw 2 of its levels.
You visited the Abyss 1 time.

You collected 31 gold pieces.

Inventory:

Hand Weapons
 a - a +1 falchion (weapon)
Armour
 b - a +0 leather armour (worn)
Scrolls
 d - a scroll of identify {unknown}
 g - a scroll of remove curse {unknown}
 i - a scroll of fog {unknown}
Comestibles
 c - 2 bread rations
 f - 3 chunks of flesh


   Skills:
 + Level 3.5 Fighting
 * Level 2.4 Long Blades
 + Level 2.1 Armour
 + Level 1.1 Dodging
 + Level 2.4 Invocations


You had one spell level left.
You didn't know any spells.

Dungeon Overview and Level Annotations

Branches:
Dungeon (2/15)

Altars:

Annotations:
D:2 Natasha


Innate Abilities, Weirdness & Mutations

You cannot be hasted, slowed, berserked, paralysed or teleported.
You can dig through walls and to a lower floor.
Your four strong arms can wield two-handed weapons with a shield.
You have a pair of large antennae on your head. (SInv)


Message History

You miss the frilled lizard. The frilled lizard barely misses you.
You riposte.
You miss the frilled lizard. The frilled lizard barely misses you.
You riposte.
You hit the frilled lizard but do no damage.
You hit the frilled lizard.
You kill the frilled lizard!
Lugonu accepts your kill.
You barely miss the leopard gecko. The leopard gecko bites you.
* * * LOW HITPOINT WARNING * * *
The leopard gecko closely misses you.
You barely miss the leopard gecko.
The leopard gecko bites you but does no damage.
You closely miss the leopard gecko. The leopard gecko bites you.
* * * LOW HITPOINT WARNING * * *
There is an open door here.
The leopard gecko barely misses you. The leopard gecko barely misses you.
Okay, then.
You aren't carrying any potions.
The leopard gecko bites you.
You die...

# #.#.##.....# #.##.....# #
#.#.##.)...# #.##.....# #
#.#.##.....# #.##.....# #
#.#.##.....# #.##.....# #
##+#.#.#....######.##.##### #
#...........#.............##. #
#..........)#.####.##.###.##.
#####......#....)...........#.##.
......))...#....@l....#.#.#.#.##.
####.......#.##..>......#.#.#.##.
...#.......#.##.#.###.###.#.#.##.
.#...#.#.#.#....#.# #.# #.#.#.##.
.#####.#.#.###..#.###.# #.#.#.##.
.........#.#....#.....###.#.#.##.
.#...#.#...#..#.#.####....#.#.##.
.#.#.#.#......#.#..†.'......#....
.#.#.......#.......###...........


You could see a leopard gecko.

Vanquished Creatures
  A goblin (D:1)
  5 hobgoblins (D:1)
  A ball python (D:1)
  3 bats
  3 frilled lizards
  A kobold (D:2)
  A rat (D:1)
15 creatures vanquished.

Notes
Turn   | Place    | Note
-------+----------+-------------------------------------------
     0 | Abyss:1  | Lanoc the Formicid Abyssal Knight began the quest for the Orb.
     0 | Abyss:1  | Reached XP level 1. HP: 18/18 MP: 2/2
   154 | Abyss:1  | Found a corrupted altar of Lugonu.
   191 | Abyss:1  | Noticed a ynoxinul
   192 | D:1      | Escaped the Abyss
   370 | D:1      | Reached skill level 1 in Dodging
   446 | D:1      | Reached * piety under Lugonu
   446 | D:1      | Reached XP level 2. HP: 12/24 MP: 3/3
   581 | D:1      | You fall through a shaft!
   631 | D:2      | Noticed Natasha
   637 | D:2      | Noticed a crimson imp
   642 | D:2      | HP: 1/24 [Natasha (2)]
   650 | D:2      | Noticed a crimson imp
   653 | D:2      | HP: 1/24 [crimson imp[Natasha] (1)]
   720 | D:1      | HP: 1/24 [leopard gecko (4)]
   731 | D:1      | Slain by a leopard gecko

Skill      XL: |  1 |
---------------+----+-----
Dodging        | 1 |  1.1
Fighting       | |  3.5
Long Blades    | |  2.4
Armour         | |  2.1
Invocations    | |  2.4

Action                   || total
-------------------------++-------
Melee: Falchion          ||    57
Invok: Depart the Abyss  ||     1
  Use: Potion            ||     2
Armor: Leather armour    ||    21
Dodge: Dodged            ||    47
       Rpst.: Falchion   ||    12
